AoeStats
← Lordcreos

Arena

510501214Analyzed
4v4 RM · 3d ago on Oct 1, 2026· 44m 34s· 8 players
Game mode
Random Map
Map size
Large (8 player)
Population
200
Speed
Normal
Resources
Standard
Victory
Conquest
Starting age
Dark Age
Ending age
Imperial Age
RankedLock teamsTeams togetherTeam positionsShared explorationLock speedFull tech treeHidden civsTurbo modeCheats
Victory
Defeat
🇩🇪 Persians · Germany
1076
+13
1060
+14
🇹🇼 Ethiopians · Taiwan
1039
+15
🇩🇰 Italians · Denmark
1006
+17
🇬🇧 Hindustanis · United Kingdom
1031
-15
🇪🇨 Chinese · Ecuador
1027
-15
🇺🇦 Byzantines · Ukraine
1020
-15
🇺🇦 Goths · Ukraine
997
-14
Cereal_Killer
11:02 Feudal Age
14:32 Castle Age
12:20 Horse Collar
14:02 Double-Bit Axe
25:39 Imperial Age
24:14 Scale Mail Armor
24:58 Forging
27:24 Chain Mail Armor
27:46 Iron Casting
27:36 Heavy Camel Rider
28:27 Bloodlines
28:18 Husbandry
28:28 Scale Barding Armor
29:39 Wheelbarrow
30:45 Chemistry
30:22 Conscription
30:07 Siege Elephant
31:44 Bow Saw
31:41 Heavy Plow
32:44 Loom
33:14 Hand Cart
34:20 Imperial Camel Rider
36:06 Elite Ghulam
38:19 Blast Furnace
37:26 Scale Barding Armor
MagnaFox
11:35 Feudal Age
15:52 Castle Age
15:13 Double-Bit Axe
18:41 Bow Saw
21:15 Horse Collar
23:24 Wheelbarrow
23:53 Horse Collar
24:17 Stone Mining
24:21 Gold Mining
25:15 Fervor
25:49 Hand Cart
29:11 Forging
29:06 Scale Barding Armor
32:51 Imperial Age
30:07 Loom
31:04 Gold Shaft Mining
31:04 Stone Shaft Mining
30:33 Heavy Plow
31:36 Iron Casting
31:21 Chain Barding Armor
31:28 Chain Barding Armor
34:01 Elite Cataphract
35:01 Conscription
34:52 Logistica
37:31 Plate Barding Armor
36:48 Fletching
37:55 Hoardings
39:39 Chemistry
40:29 Bodkin Arrow
40:34 Scale Mail Armor
42:02 Man-at-Arms
42:28 Gambesons
boobiwest
1:24 Loom
11:39 Feudal Age
13:54 Wheelbarrow
13:06 Double-Bit Axe
17:14 Castle Age
16:48 Horse Collar
18:32 Heavy Plow
29:22 Hand Cart
31:44 Town Watch
36:28 Town Patrol
37:31 Gold Mining
37:34 Stone Mining
38:36 Bow Saw
40:50 Masonry
41:02 Ballistics
40:38 Murder Holes
40:23 Treadmill Crane
41:25 Stone Shaft Mining
Lordcreos
1:06 Loom
12:11 Feudal Age
15:39 Castle Age
13:55 Double-Bit Axe
16:59 Wheelbarrow
16:29 Horse Collar
19:18 Fletching
20:34 Bodkin Arrow
26:20 Bow Saw
26:11 Heavy Plow
26:52 Padded Archer Armor
30:54 Imperial Age
30:29 Hand Cart
30:13 Gold Mining
32:38 Bracer
33:56 Conscription
35:32 Pikeman
36:13 Squires
37:14 Block Printing
38:14 Squires
38:52 Halberdier
39:18 Arson
The Priest1783
11:07 Feudal Age
15:25 Castle Age
13:34 Double-Bit Axe
14:44 Fletching
18:27 Town Watch
19:33 Crossbowman
20:27 Bodkin Arrow
21:39 Padded Archer Armor
22:09 Stone Mining
22:07 Horse Collar
24:08 Wheelbarrow
23:19 Loom
24:42 Bow Saw
25:09 Gold Mining
27:27 Fortified Wall
27:00 Elite Skirmisher
30:46 Ballistics
33:09 Imperial Age
34:56 Chemistry
34:24 Leather Archer Armor
36:19 Elite Genoese Crossbowman
38:37 Bracer
40:31 Masonry
42:15 Ring Archer Armor
꧁༺乡 SC∆R 乡 ༻꧂
7:07 Loom
9:44 Feudal Age
10:18 Double-Bit Axe
10:14 Horse Collar
18:35 Castle Age
17:11 Gold Mining
17:46 Padded Archer Armor
18:55 Stone Mining
21:48 Heavy Plow
23:17 Bow Saw
24:54 Wheelbarrow
24:45 Town Watch
28:40 Hand Cart
30:12 Leather Archer Armor
30:54 Stone Shaft Mining
33:01 Imperial Age
30:53 Ballistics
31:14 Fortified Wall
31:33 Pikeman
32:14 Scale Mail Armor
32:25 Forging
33:37 Chain Mail Armor
34:57 Chemistry
33:23 Halberdier
33:49 Arson
33:30 Elite Organ Gun
35:25 Iron Casting
35:21 Plate Mail Armor
36:45 Arquebus
38:49 Siege Engineers
44:32 Blast Furnace
44:03 Ring Archer Armor
Henri
10:39 Feudal Age
15:32 Castle Age
16:20 Double-Bit Axe
16:41 Loom
24:28 Wheelbarrow
24:15 Bow Saw
26:00 Gold Mining
26:00 Stone Mining
27:27 Hand Cart
30:44 Imperial Age
29:20 Husbandry
29:31 Bloodlines
29:29 Scale Barding Armor
29:35 Forging
30:52 Chain Barding Armor
32:46 Plate Barding Armor
32:47 Iron Casting
32:33 Elite War Elephant
35:44 Blast Furnace
35:07 Conscription
ThisIsGood
3:22 Loom
10:16 Feudal Age
13:55 Castle Age
12:20 Double-Bit Axe
15:20 Bow Saw
23:33 Scale Mail Armor
29:30 Horse Collar
32:16 Wheelbarrow
35:29 Imperial Age
35:37 Imperial Age
33:17 Fletching
34:28 Loom
34:50 Padded Archer Armor
34:51 Bodkin Arrow
35:18 Crossbowman
36:05 Thumb Ring
36:21 Bracer
36:37 Leather Archer Armor
37:30 Chemistry
37:58 Hand Cart
37:40 Arbalester
39:31 Capped Ram
45:10 Ring Archer Armor
45:31 Ballistics
Connection lost

Rejoining the realm…

Still unreachable

The connection could not be restored.

Session expired

The server has moved on; the page needs a fresh start.